 Dungeon Crawl Stone Soup version 0.24.0-1-gfbc8707122 (webtiles) character file.

Game seed: 9750054666412534444, levelgen mode: deterministic

8752 Arum the Fighter (level 11, -6/92 HPs)
             Began as a Formicid Fighter on Oct 27, 2019.
             Was a High Priest of Okawaru.
             Killed from afar by a deep elf mage (11 damage)
             ... with a sticky flame
             ... on level 10 of the Dungeon.
             The game lasted 00:21:34 (14148 turns).

Arum the Fighter (Formicid Fighter)                Turns: 14148, Time: 00:21:35

Health: -6/92      AC: 10    Str: 31    XL:     11   Next: 61%
Magic:  13/13      EV: 10    Int:  8    God:    Okawaru [*****.]
Gold:   327        SH: 12    Dex: 12    Spells: 10/10 levels left

rFire    . . .     SeeInvis +   I - +9 falchion "Soukipt" {pain, rElec Str+4}
rCold    . . .     Gourm    +   c - +0 shield
rNeg     . . .     Faith    .   b - +0 scale mail
rPois    +         Spirit   .   (helmet unavailable)
rElec    +         Reflect  .   o - +1 cloak
rCorr    .         Harm     .   (no gloves)
MR       +....                  (no boots)
Stlth    ..........             F - amulet of the gourmand
HPRegen  0.25/turn              G - +5 ring of strength
MPRegen  0.13/turn              y - ring of poison resistance

@: liquid flames, glowing
A: permanent stasis, dig shafts and tunnels, four strong arms, antennae 3
a: Dig, Shaft Self, Heroism, Finesse, Renounce Religion


You were on level 10 of the Dungeon.
You worshipped Okawaru.
Okawaru was extremely pleased with you.
You were very full.

You visited 2 branches of the dungeon, and saw 11 of its levels.

You collected 527 gold pieces.
You spent 200 gold pieces at shops.

Inventory:

Hand Weapons
 a - a +0 flail
 e - a +2 whip of pain
 I - the +9 falchion "Soukipt" (weapon) {pain, rElec Str+4}
   (You found it on level 8 of the Dungeon)

   In the hands of one skilled in necromantic magic, it inflicts extra damage on
   living creatures.
   It affects your strength (+4).
   It insulates you from electricity.
 K - a +2 falchion of flaming
 O - a +0 great sword
Missiles
 i - a boomerang of dispersal
 u - a throwing net (quivered)
Armour
 b - a +0 scale mail (worn)
 c - a +0 shield (worn)
 n - a +0 large shield
 o - a +1 cloak (worn)
Jewellery
 r - a +4 ring of intelligence
 y - a ring of poison resistance (right hand)
 F - an amulet of the gourmand (around neck)
 G - a +5 ring of strength (left hand)
Wands
 C - a wand of iceblast (10)
 H - a wand of digging (5)
 M - a wand of random effects (3)
Scrolls
 k - a scroll of magic mapping {unknown}
 l - 4 scrolls of remove curse
 m - 3 scrolls of immolation
 p - 2 scrolls of blinking
 q - 2 scrolls of fog {unknown}
 t - 3 scrolls of teleportation
 w - a scroll of noise {unknown}
 x - a scroll of holy word {unknown}
 A - a scroll of random uselessness {unknown}
 B - a scroll of fear {unknown}
 E - 2 scrolls of enchant weapon {unknown}
 J - a scroll of amnesia
 N - 6 scrolls of identify
Potions
 d - a potion of might
 g - 2 potions of curing {unknown}
 h - a potion of invisibility
 j - a potion of ambrosia {unknown}
 s - a potion of magic {unknown}
 v - 2 potions of flight {unknown}
 z - 2 potions of agility {unknown}
 D - a potion of berserk rage {unknown}
 L - 2 potions of mutation {unknown}
Comestibles
 f - 25 rations


   Skills:
 + Level 10.8 Fighting
 * Level 7.5 Long Blades
 - Level 8.2 Maces & Flails
 + Level 7.7 Armour
 - Level 9.0 Shields
 - Level 3.1 Invocations


You had 10 spell levels left.
You didn't know any spells.
Your spell library contained the following spells:

 Spells                   Type           Power        Failure   Level  Hunger
 Infusion                 Chrm           #...         63%         1    ##.....
 Shroud of Golubria       Chrm/Tloc      #.....       77%         2    ###....
 Song of Slaying          Chrm           #.......     77%         2    ###....
 Regeneration             Chrm/Necr      #.........   94%         3    ####...
 Spectral Weapon          Hex/Chrm       #.......     94%         3    ####...


Dungeon Overview and Level Annotations

Branches:
Dungeon (10/15)            Temple (1/1) D:4            Lair (0/6) D:9
    Orc: D:9-12

Altars:
Ashenzari
Cheibriados
Dithmenos
Elyvilon
Fedhas
Gozag
Hepliaklqana
Kikubaaqudgha
Makhleb
Nemelex Xobeh
Okawaru
Qazlal
Ru
Sif Muna
Trog
Uskayaw
Vehumet
Wu Jian
Xom
Yredelemnul
Zin
The Shining One

Shops:
D:4 =   D:7 :   D:8 (   D:10 (

Annotations:
D:6 exclusion: door


Innate Abilities, Weirdness & Mutations

You cannot be hasted, slowed, berserked, paralysed or teleported.
You can dig through walls and to a lower floor.
Your four strong arms can wield two-handed weapons with a shield.
You have a pair of large antennae on your head. (SInv)


Message History

You hit the deep elf mage.
The deep elf mage is heavily wounded.
The fire elemental hits you. The fire elemental burns you!
* * * LOW HITPOINT WARNING * * *
You block the fire elemental's attack. You block the deep elf mage's attack.
You slash the deep elf mage!
The deep elf mage is severely wounded.
You block the fire elemental's attack. x2
The deep elf mage hits you but does no damage.
You block the fire elemental's attack.
You barely miss the deep elf mage.
The deep elf mage is severely wounded.
You block the fire elemental's attack. The fire elemental hits you.
The fire elemental burns you!
* * * LOW HITPOINT WARNING * * *
You block the fire elemental's attack.
The deep elf mage points at you and mumbles some strange words.
The sticky flame hits you!
You are covered in liquid flames!
You die...

...# .## {#.#.###.......#
...# ..####.####........#
##.# .......⌠........##..#
#.###..####.####....# ).#
##.....# #.#.#.###...##..#
......###.##.##.###......#
.........###.###.........#
.........##...##EE.......#
.........#..#..#@........#
.<..........##..e#.......#
.........................#
...............##........#
.....######....##........#
.....# #..............#
.....# #..<......###.
.....# #.........# .....#
#.........


You could see a deep elf mage and 2 fire elementals.

Vanquished Creatures
  A hydra (D:8)
  3 two-headed ogres
  Grinder (D:3)
  2 dream sheep (D:8)
  A vampire (D:9)
  2 wyverns
  5 yaks
  A porcupine (D:9)
  A sky beast (D:9)
  4 orc warriors
  2 ice beasts
  A black bear (D:9)
  5 ogres
  A crocodile (D:9)
  3 centaurs
  5 big kobolds
  2 bullfrogs
  6 scorpions
  4 wights (D:9)
  9 killer bees (D:7)
  A bullfrog zombie (D:7)
  2 howler monkeys (D:9)
  A crimson imp (D:5)
  2 centaur zombies
  A quasit (D:9)
  4 hounds
  2 bullfrog skeletons
  3 orc priests
  A jelly (D:7)
  10 orc wizards
  2 iguanas
  7 worker ants
  A hound skeleton (D:5)
  Robin (D:3)
  11 gnolls
  3 worker ant zombies
  14 adders
  3 oozes
  2 adder skeletons
  A worm (D:2)
  4 dart slugs
  3 leopard geckos
  27 orcs
  2 ball pythons
  10 bats
  6 giant cockroaches
  12 goblins
  16 hobgoblins
  4 jackals
  5 quokkas
  10 frilled lizards
  A giant cockroach zombie (D:6)
  25 kobolds
  A leopard gecko zombie (D:5)
  2 quokka skeletons
  9 rats
268 creatures vanquished.

Vanquished Creatures (others)
  A hound skeleton (D:6)
  An adder skeleton (D:6)
  11 fungi (D:9)
  3 plants (D:9)
16 creatures vanquished.

Grand Total: 284 creatures vanquished

Notes
Turn   | Place    | Note
-------+----------+-------------------------------------------
     0 | D:1      | Arum the Formicid Fighter began the quest for the Orb.
     0 | D:1      | Reached XP level 1. HP: 18/18 MP: 1/1
    74 | D:1      | Reached XP level 2. HP: 16/24 MP: 2/2
   377 | D:1      | Reached XP level 3. HP: 19/29 MP: 3/3
  1244 | D:2      | Reached XP level 4. HP: 35/37 MP: 4/4
  1284 | D:2      | Reached skill level 4 in Fighting
  1873 | D:2      | Reached XP level 5. HP: 28/42 MP: 5/5
  2154 | D:3      | Noticed Robin
  2174 | D:3      | Reached skill level 5 in Shields
  2191 | D:3      | Killed Robin
  2351 | D:3      | Found a shadowy altar of Dithmenos.
  2602 | D:3      | Reached XP level 6. HP: 43/49 MP: 6/6
  2624 | D:3      | Noticed Grinder
  3483 | D:3      | Killed Grinder
  3483 | D:3      | Reached skill level 5 in Fighting
  3483 | D:3      | Reached XP level 7. HP: 21/56 MP: 7/7
  3732 | D:4      | Found a staircase to the Ecumenical Temple.
  3758 | Temple   | Entered the Ecumenical Temple
  3930 | Temple   | Became a worshipper of Warmaster Okawaru
  4303 | D:4      | Reached skill level 5 in Maces & Flails
  4617 | D:4      | Found Tafeogg's Jewellery Boutique.
  4625 | D:4      | Bought an uncursed ring of poison resistance for 200 gold
                  | pieces
  4711 | D:5      | Entered Level 5 of the Dungeon
  4751 | D:4      | Reached skill level 6 in Fighting
  4764 | D:4      | Reached XP level 8. HP: 9/64 MP: 8/8
  5556 | D:5      | Reached * piety under Okawaru
  5878 | D:5      | Identified the cursed +3 short sword of Valiance {freeze,
                  | Str+4}
  6207 | D:5      | Found a bloodstained altar of Trog.
  6428 | D:5      | Reached skill level 1 in Invocations
  6716 | D:6      | Reached skill level 7 in Fighting
  6836 | D:6      | Reached XP level 9. HP: 49/72 MP: 10/10
  8140 | D:7      | Reached ** piety under Okawaru
  8860 | D:7      | Reached skill level 8 in Fighting
  9480 | D:7      | Found Leupi's Book Emporium.
  9706 | D:8      | Found Botyfisch's Weapon Boutique.
  9741 | D:8      | Got a faintly glowing falchion
  9796 | D:8      | Reached *** piety under Okawaru
  9796 | D:8      | Reached XP level 10. HP: 51/82 MP: 12/12
  9812 | D:8      | Reached skill level 9 in Fighting
 10170 | D:8      | Identified the +9 falchion "Soukipt" {pain, rElec Str+4}
                  | (You found it on level 8 of the Dungeon)
 10193 | D:8      | Reached skill level 5 in Armour
 10264 | D:8      | Reached skill level 1 in Long Blades
 10793 | D:8      | Noticed a three-headed hydra
 10803 | D:8      | Killed a one-headed hydra
 11185 | D:8      | Found a white marble altar of Elyvilon.
 11190 | D:8      | Found an opulent altar of Gozag.
 11190 | D:8      | Found a shattered altar of Ashenzari.
 11191 | D:8      | Found an ancient bone altar of Kikubaaqudgha.
 11192 | D:8      | Found a snail-covered altar of Cheibriados.
 11869 | D:9      | Reached **** piety under Okawaru
 11874 | D:9      | Reached skill level 10 in Fighting
 11898 | D:9      | Noticed a two-headed ogre
 11918 | D:9      | Reached skill level 5 in Long Blades
 11918 | D:9      | Reached XP level 11. HP: 48/90 MP: 13/13
 12371 | D:9      | Killed a two-headed ogre
 12789 | D:9      | Found a staircase to the Lair.
 12858 | D:9      | Noticed a two-headed ogre
 12870 | D:9      | Killed a two-headed ogre
 12870 | D:9      | Received a gift from Okawaru
 13105 | D:9      | Reached ***** piety under Okawaru
 13773 | D:10     | Entered Level 10 of the Dungeon
 13842 | D:10     | Found Sigur's Antique Weapon Boutique.
 13903 | D:10     | Noticed a two-headed ogre
 13916 | D:10     | Killed a two-headed ogre
 14136 | D:10     | Noticed a deep elf mage
 14148 | D:10     | Killed from afar by a deep elf mage

Levels and vault maps discovered:
D:1:      lightli_arrival_isolated_outpost, layout_loops_ring,
          minmay_heptomino_w4
D:2:      layout_rooms, minmay_split_cup_large
D:3:      layout_loops_ring, grunt_dithmenos_smoke_and_mirrors, uniq_robin,
          uniq_grinder
D:4:      layout_basic, temple_doors_e, serial_shops, shop_statue
D:5:      layout_cave_pools, basic_altar, first_ration,
          kennysheep_generic_room_14
D:6:      layout_basic, kennysheep_diamond, corexii_hall_statues_i
D:7:      layout_basic, serial_shops, nicolae_shop_crystal,
          chequers_serial_rivers_marsh
D:8:      layout_basic, grunt_temple_overflow_open, serial_shops, shop,
          hangedman_ranch [blue_anna_fruit_fields]
D:9:      layout_basic, grunt_lair_entry_orc_guard_hut
D:10:     layout_stronghold, serial_shops, nicolae_shop_trees, kb_rosetta
Temple:   nicolae_temple_elliptical

Skill      XL: |  1  2  3  4  5  6  7  8  9 10 11 |
---------------+----------------------------------+-----
Shields        | 4 5 6 7 9 |  9.0
Fighting       | 4 5 6 7 8 10 | 10.8
Maces & Flails | 3 4 5 6 7 8 |  8.2
Invocations    | 2 3 |  3.1
Armour         | 4 6 7 |  7.7
Long Blades    | 5 7 |  7.5

Action                   |  1- 3 |  4- 6 |  7- 9 | 10-12 || total
-------------------------+-------+-------+-------+-------++-------
Melee: Whip              |   113 |   307 |   642 |   218 ||  1280
       Falchion          |       |       |       |   175 ||   175
Throw: Boomerang         |       |     5 |       |       ||     5
       Throwing net      |       |     4 |       |       ||     4
Invok: Heroism           |       |       |     1 |       ||     1
 Abil: Dig               |       |     4 |     3 |     3 ||    10
Evoke: Wand              |       |       |       |     2 ||     2
  Use: Scroll            |       |       |     7 |     2 ||     9
       Potion            |       |       |     1 |     2 ||     3
 Stab: Held in net/web   |       |     1 |       |       ||     1
  Eat: Chunk             |     1 |     8 |    28 |    15 ||    52
Armor: Scale mail        |    63 |   102 |   191 |    52 ||   408
Dodge: Dodged            |    49 |    83 |   193 |    89 ||   414
Block: Shield            |    72 |   120 |   347 |   180 ||   719
       Rpst.: Falchion   |       |       |       |    10 ||    10
